General information
- name: BNet
- type: Ladder team game (AT/RT)
- host: Battle.net
- saver: nerd2
map: Highperch
- players: 6
- length: 23:54
- speed: Fast
- version: 1.24 W3XP
- replay type: Public
» download(153 KB)
Players
team 1 (winner)
apemanapeman (
purple | 55 APM | 1319 actions | 23:52)
3 Archmage
2 Blizzard
1 Brilliance Aura
» actions
| Assign group hotkey | 15 | |
| Basic commands | 9 | |
| Build / train | 238 | |
| Enter build submenu | 75 | |
| Enter hero's abilities submenu | 3 | |
| Give item / drop item | 4 | |
| Right click | 375 | |
| Select / deselect | 371 | |
| Select group hotkey | 42 | |
| Use ability | 187 | |
1319 total
» units
| Peasant | 35 | |
| Sorceress | 2 | |
| Dragonhawk Rider | 4 | |
| Flying Machine | 1 | |
| Mortar Team | 2 | |
| Priest | 3 | |
47 total
» upgrades
| Masonry | 3 | |
| Flare | 1 | |
| Magic Sentry | 1 | |
| Sorceress Training | 1 | |
| Swords | 1 | |
| Fragmentation Shards | 2 | |
| Cloud | 1 | |
| Lumber Harvesting | 1 | |
| Barrage | 1 | |
12 total
» buildings
| Lumber Mill | 2 | |
| Scout Tower | 95 | |
| Farm | 15 | |
| Altar of Kings | 1 | |
| Arcane Tower | 3 | |
| Guard Tower | 145 | |
| Arcane Vault | 2 | |
| Town Hall | 1 | |
| Keep | 3 | |
| Arcane Sanctum | 1 | |
| Blacksmith | 1 | |
| Gryphon Aviary | 1 | |
| Castle | 3 | |
| Workshop | 1 | |
274 total
» build order
00:53 Lumber Mill
00:57 Scout Tower
01:02 Scout Tower
01:05 Scout Tower
01:10 Scout Tower
01:16 Scout Tower
01:19 Scout Tower
01:23 Scout Tower
01:24 Scout Tower
01:43 Farm
01:45 Farm
01:51 Altar of Kings
01:56 Arcane Tower
01:58 Guard Tower
01:58 Guard Tower
01:59 Guard Tower
01:59 Guard Tower
01:59 Guard Tower
01:59 Guard Tower
02:01 Arcane Tower
02:01 Guard Tower
02:01 Guard Tower
02:02 Guard Tower
02:13 Guard Tower
02:13 Guard Tower
02:13 Guard Tower
02:16 Scout Tower
02:18 Scout Tower
02:22 Scout Tower
02:25 Scout Tower
02:31 Scout Tower
02:32 Scout Tower
02:36 Scout Tower
02:40 Scout Tower
02:49 Guard Tower
02:50 Guard Tower
02:50 Guard Tower
02:50 Guard Tower
02:56 Guard Tower
02:56 Guard Tower
02:56 Guard Tower
03:17 Farm
03:24 Guard Tower
03:27 Scout Tower
03:29 Scout Tower
03:30 Scout Tower
03:30 Scout Tower
03:31 Scout Tower
03:34 Guard Tower
03:38 Scout Tower
03:42 Scout Tower
04:03 Guard Tower
04:06 Scout Tower
04:06 Scout Tower
04:07 Scout Tower
04:08 Scout Tower
04:09 Scout Tower
04:10 Scout Tower
04:11 Guard Tower
04:11 Guard Tower
04:26 Farm
04:30 Scout Tower
04:34 Scout Tower
04:37 Guard Tower
04:39 Scout Tower
04:40 Scout Tower
04:41 Scout Tower
04:42 Scout Tower
04:44 Guard Tower
04:55 Scout Tower
04:56 Scout Tower
04:58 Scout Tower
04:59 Scout Tower
05:00 Scout Tower
05:01 Scout Tower
05:08 Guard Tower
05:08 Guard Tower
05:08 Guard Tower
05:10 Guard Tower
05:10 Guard Tower
05:10 Guard Tower
05:25 Guard Tower
05:25 Guard Tower
05:26 Guard Tower
05:31 Scout Tower
05:32 Scout Tower
05:36 Scout Tower
05:37 Scout Tower
05:50 Arcane Vault
05:54 Guard Tower
05:56 Town Hall
06:00 Scout Tower
06:02 Scout Tower
06:03 Scout Tower
06:03 Scout Tower
06:06 Scout Tower
06:09 Guard Tower
06:09 Guard Tower
06:09 Guard Tower
06:10 Guard Tower
06:24 Scout Tower
06:26 Scout Tower
06:34 Guard Tower
06:49 Guard Tower
06:52 Scout Tower
06:53 Scout Tower
06:54 Scout Tower
06:55 Scout Tower
06:58 Scout Tower
07:01 Guard Tower
07:06 Scout Tower
07:07 Scout Tower
07:08 Scout Tower
07:09 Scout Tower
07:11 Scout Tower
07:25 Keep
07:25 Keep
07:25 Keep
07:28 Guard Tower
07:28 Guard Tower
07:28 Guard Tower
07:30 Guard Tower
07:30 Guard Tower
07:31 Guard Tower
07:33 Guard Tower
07:33 Guard Tower
07:34 Guard Tower
07:45 Lumber Mill
07:49 Guard Tower
07:49 Guard Tower
07:50 Guard Tower
07:52 Guard Tower
07:52 Guard Tower
07:53 Guard Tower
07:55 Guard Tower
07:55 Guard Tower
07:56 Guard Tower
07:57 Guard Tower
07:57 Guard Tower
07:57 Guard Tower
08:06 Guard Tower
08:06 Guard Tower
08:07 Guard Tower
08:07 Guard Tower
08:44 Guard Tower
08:44 Guard Tower
08:44 Guard Tower
08:48 Scout Tower
08:49 Scout Tower
08:50 Scout Tower
08:51 Scout Tower
08:52 Scout Tower
08:58 Guard Tower
09:00 Guard Tower
09:01 Guard Tower
09:01 Guard Tower
09:26 Scout Tower
09:27 Scout Tower
09:28 Scout Tower
09:30 Scout Tower
09:33 Scout Tower
10:01 Guard Tower
10:01 Guard Tower
10:07 Guard Tower
10:07 Guard Tower
10:16 Arcane Sanctum
10:28 Blacksmith
10:32 Arcane Vault
10:38 Gryphon Aviary
10:40 Farm
10:43 Farm
10:43 Farm
10:52 Guard Tower
10:52 Guard Tower
10:52 Guard Tower
10:58 Guard Tower
10:59 Guard Tower
10:59 Guard Tower
11:16 Guard Tower
11:16 Guard Tower
11:17 Guard Tower
11:55 Castle
11:55 Castle
12:01 Workshop
12:08 Scout Tower
12:12 Guard Tower
12:12 Guard Tower
12:18 Scout Tower
12:21 Scout Tower
12:22 Scout Tower
12:28 Scout Tower
12:31 Scout Tower
12:32 Scout Tower
12:33 Scout Tower
12:34 Scout Tower
12:36 Scout Tower
12:37 Scout Tower
12:38 Scout Tower
12:42 Scout Tower
12:49 Scout Tower
12:50 Scout Tower
12:51 Scout Tower
12:52 Scout Tower
12:53 Scout Tower
12:54 Scout Tower
12:55 Scout Tower
13:02 Scout Tower
13:03 Scout Tower
13:04 Scout Tower
13:10 Guard Tower
13:33 Guard Tower
13:39 Guard Tower
13:39 Guard Tower
14:05 Guard Tower
14:05 Guard Tower
14:06 Guard Tower
14:08 Guard Tower
14:09 Guard Tower
14:09 Guard Tower
14:50 Guard Tower
14:50 Guard Tower
14:50 Guard Tower
16:44 Farm
16:45 Farm
16:45 Farm
16:45 Farm
16:49 Farm
16:52 Farm
16:52 Farm
16:53 Farm
17:29 Guard Tower
17:32 Arcane Tower
17:34 Guard Tower
» items
| Boots of Speed | 1 | |
| Potion of Invisibility | 1 | |
| Mechanical Critter | 6 | |
| Tiny Great Hall | 1 | |
| Scroll of Speed | 1 | |
10 total
nerd2 (
red | 77 APM | 1849 actions | 23:54)
7 Blademaster
3 Wind Walk
3 Critical Strike
1 Bladestorm
» actions
| Assign group hotkey | 62 | |
| Basic commands | 3 | |
| Build / train | 55 | |
| Enter build submenu | 18 | |
| Enter hero's abilities submenu | 7 | |
| Give item / drop item | 7 | |
| Right click | 961 | |
| Select / deselect | 200 | |
| Select group hotkey | 333 | |
| Use ability | 203 | |
1849 total
» units
» upgrades
| Liquid Fire | 1 | |
| Reinforced Defenses | 1 | |
| Armor | 3 | |
| Ranged Weapons | 2 | |
7 total
» buildings
| Altar of Storms | 1 | |
| Orc Burrow | 9 | |
| War Mill | 1 | |
| Voodoo Lounge | 2 | |
| Stronghold | 2 | |
| Fortress | 1 | |
| Beastiary | 4 | |
20 total
» build order
00:06 Altar of Storms
00:10 Orc Burrow
01:48 War Mill
02:24 Voodoo Lounge
03:10 Orc Burrow
03:29 Voodoo Lounge
04:19 Stronghold
04:19 Stronghold
05:08 Orc Burrow
06:41 Fortress
06:43 Beastiary
06:44 Beastiary
06:45 Beastiary
06:49 Beastiary
07:10 Orc Burrow
07:13 Orc Burrow
07:15 Orc Burrow
19:58 Orc Burrow
19:59 Orc Burrow
19:59 Orc Burrow
» items
| Boots of Speed | 1 | |
| Staff of Teleportation | 1 | |
| Lesser Clarity Potion | 1 | |
| Healing Salve | 2 | |
| Scroll of Speed | 1 | |
| Orb of Lightning | 1 | |
| Tiny Great Hall | 1 | |
8 total
peppermintgum (
teal | 37 APM | 890 actions | 23:52)
4 Warden
2 Shadow Strike
2 Blink
» actions
| Assign group hotkey | 39 | |
| Basic commands | 6 | |
| Build / train | 60 | |
| Enter build submenu | 24 | |
| Enter hero's abilities submenu | 4 | |
| Give item / drop item | 4 | |
| Remove unit from queue | 2 | |
| Right click | 334 | |
| Select / deselect | 132 | |
| Select group hotkey | 222 | |
| Use ability | 63 | |
890 total
» units
| Wisp | 23 | |
| Druid of the Talon | 11 | |
34 total
» upgrades
| Druid of the Talon Training | 2 | |
| Strength of the Wild | 3 | |
| Reinforced Hides | 2 | |
| Well Spring | 1 | |
| Mark of the Talon | 1 | |
| Ultravision | 1 | |
10 total
» buildings
| Altar of Elders | 1 | |
| Moon Well | 15 | |
| Tree of Ages | 2 | |
| Tree of Life | 1 | |
| Tree of Eternity | 1 | |
| Ancient of Wind | 3 | |
| Hunter's Hall | 1 | |
24 total
» build order
00:08 Altar of Elders
00:09 Moon Well
02:03 Moon Well
05:36 Tree of Ages
05:36 Tree of Ages
06:09 Tree of Life
06:39 Moon Well
06:45 Moon Well
08:31 Moon Well
08:35 Moon Well
08:35 Moon Well
09:35 Tree of Eternity
10:18 Ancient of Wind
10:19 Ancient of Wind
10:21 Ancient of Wind
10:28 Hunter's Hall
10:51 Moon Well
13:36 Moon Well
13:40 Moon Well
13:41 Moon Well
15:37 Moon Well
15:41 Moon Well
15:46 Moon Well
17:37 Moon Well
» items
| Healing Salve | 1 | |
| Staff of Teleportation | 1 | |
| Boots of Speed | 1 | |
| Orb of Lightning | 1 | |
| Mechanical Critter | 2 | |
6 total
team 2 (loser)

»
n1.Sneaky (
blue | 52 APM | 1110 actions | 21:31)
2 Keeper of the Grove
1 Entangling Roots
1 Thorns Aura
1 Warden
1 Shadow Strike
» actions
| Assign group hotkey | 36 | |
| Basic commands | 151 | |
| Build / train | 64 | |
| ESC pressed | 1 | |
| Enter build submenu | 22 | |
| Enter hero's abilities submenu | 3 | |
| Right click | 334 | |
| Select / deselect | 236 | |
| Select group hotkey | 213 | |
| Use ability | 50 | |
1110 total
» units
| Wisp | 29 | |
| Huntress | 5 | |
| Druid of the Talon | 1 | |
| Chimaera | 12 | |
47 total
» upgrades
| Sentinel | 1 | |
| Strength of the Wild | 2 | |
| Reinforced Hides | 3 | |
| Corrosive Breath | 1 | |
| Ultravision | 1 | |
8 total
» buildings
| Altar of Elders | 1 | |
| Moon Well | 7 | |
| Hunter's Hall | 1 | |
| Ancient of War | 1 | |
| Ancient Protector | 1 | |
| Tree of Ages | 1 | |
| Ancient of Wonders | 1 | |
| Tree of Eternity | 1 | |
| Ancient of Wind | 1 | |
| Tree of Life | 3 | |
| Chimaera Roost | 3 | |
21 total
» build order
00:06 Altar of Elders
00:23 Moon Well
01:38 Hunter's Hall
01:42 Ancient of War
01:55 Moon Well
02:49 Ancient Protector
04:24 Tree of Ages
04:49 Moon Well
05:44 Ancient of Wonders
06:49 Tree of Eternity
06:52 Ancient of Wind
07:01 Moon Well
07:21 Tree of Life
07:56 Tree of Life
09:26 Chimaera Roost
09:31 Chimaera Roost
09:51 Moon Well
10:28 Moon Well
10:45 Chimaera Roost
13:16 Tree of Life
14:53 Moon Well
» items
| Scroll of Protection | 1 | |
| Scroll of Healing | 1 | |
2 total

»
n1.TactiQ (
green | 70 APM | 1662 actions | 23:46)
2 Paladin
1 Holy Light
1 Divine Shield
1 Goblin Alchemist
1 Acid Bomb
» actions
| Assign group hotkey | 21 | |
| Basic commands | 29 | |
| Build / train | 76 | |
| ESC pressed | 3 | |
| Enter build submenu | 43 | |
| Enter hero's abilities submenu | 3 | |
| Give item / drop item | 2 | |
| Right click | 652 | |
| Select / deselect | 327 | |
| Select group hotkey | 418 | |
| Use ability | 88 | |
1662 total
» units
| Peasant | 9 | |
| Rifleman | 11 | |
| Dragonhawk Rider | 5 | |
| Chimaera | 4 | |
29 total
» upgrades
| Gunpowder | 2 | |
| Armor | 2 | |
| Long Rifles | 1 | |
| Masonry | 3 | |
| Lumber Harvesting | 1 | |
| Animal War Training | 1 | |
| Cloud | 1 | |
11 total
» buildings
| Blacksmith | 1 | |
| Farm | 13 | |
| Barracks | 1 | |
| Altar of Kings | 1 | |
| Scout Tower | 30 | |
| Arcane Tower | 2 | |
| Arcane Vault | 2 | |
| Lumber Mill | 1 | |
| Keep | 1 | |
| Guard Tower | 18 | |
| Castle | 1 | |
| Gryphon Aviary | 3 | |
74 total
» build order
00:08 Blacksmith
00:15 Farm
00:20 Barracks
00:55 Altar of Kings
01:24 Farm
01:57 Farm
02:16 Scout Tower
02:34 Farm
02:38 Farm
02:47 Arcane Tower
03:30 Arcane Vault
03:45 Lumber Mill
04:10 Scout Tower
04:14 Scout Tower
04:15 Scout Tower
04:16 Scout Tower
04:18 Scout Tower
04:47 Farm
05:33 Keep
05:36 Scout Tower
05:38 Scout Tower
05:38 Scout Tower
05:39 Scout Tower
06:22 Guard Tower
06:47 Guard Tower
07:09 Guard Tower
07:32 Farm
07:33 Farm
07:56 Guard Tower
08:00 Scout Tower
08:01 Scout Tower
08:35 Guard Tower
09:09 Guard Tower
09:12 Scout Tower
09:13 Scout Tower
09:14 Scout Tower
09:16 Scout Tower
09:17 Scout Tower
09:18 Scout Tower
09:20 Scout Tower
10:49 Guard Tower
11:50 Guard Tower
12:22 Guard Tower
13:02 Guard Tower
13:05 Guard Tower
13:27 Scout Tower
13:30 Scout Tower
13:36 Scout Tower
13:44 Scout Tower
13:55 Guard Tower
13:57 Scout Tower
14:01 Scout Tower
14:06 Scout Tower
14:09 Guard Tower
14:26 Guard Tower
14:38 Scout Tower
14:40 Scout Tower
14:41 Scout Tower
14:45 Scout Tower
16:32 Castle
17:03 Arcane Tower
17:04 Guard Tower
17:14 Gryphon Aviary
17:16 Gryphon Aviary
17:21 Guard Tower
17:24 Guard Tower
17:48 Arcane Vault
18:22 Gryphon Aviary
18:29 Guard Tower
18:39 Farm
18:41 Farm
18:45 Farm
18:49 Farm
21:02 Farm
» items
| Scroll of Protection | 1 | |
| Scroll of Healing | 1 | |
| Boots of Speed | 1 | |
| Potion of Lesser Invulnerability | 2 | |
| Staff of Sanctuary | 1 | |
6 total

»
n1.WhO (
yellow | 94 APM | 2233 actions | 23:52)
2 Archmage
1 Summon Water Elemental
1 Brilliance Aura
1 Blood Mage
1 Flame Strike
» actions
| Assign group hotkey | 68 | |
| Basic commands | 97 | |
| Build / train | 59 | |
| ESC pressed | 7 | |
| Enter build submenu | 30 | |
| Enter hero's abilities submenu | 3 | |
| Give item / drop item | 1 | |
| Right click | 1043 | |
| Select / deselect | 367 | |
| Select group hotkey | 507 | |
| Use ability | 51 | |
2233 total
» units
| Peasant | 7 | |
| Footman | 5 | |
| Flying Machine | 18 | |
| Siege Engine | 4 | |
34 total
» upgrades
| Gunpowder | 3 | |
| Flak Cannons | 1 | |
| Armor | 2 | |
| Lumber Harvesting | 1 | |
| Flying Machine Bombs | 1 | |
| Barrage | 1 | |
9 total
» buildings
| Altar of Kings | 1 | |
| Farm | 10 | |
| Barracks | 1 | |
| Scout Tower | 6 | |
| Arcane Tower | 2 | |
| Keep | 3 | |
| Arcane Vault | 1 | |
| Lumber Mill | 2 | |
| Blacksmith | 3 | |
| Workshop | 4 | |
| Castle | 1 | |
| Guard Tower | 1 | |
35 total
» build order
00:06 Altar of Kings
00:20 Farm
00:29 Barracks
00:50 Farm
01:21 Scout Tower
01:41 Farm
02:05 Arcane Tower
03:19 Keep
03:19 Keep
03:42 Arcane Vault
04:34 Lumber Mill
04:39 Blacksmith
04:43 Farm
04:45 Farm
05:45 Blacksmith
05:48 Blacksmith
06:38 Workshop
06:47 Workshop
07:55 Farm
07:59 Farm
08:01 Farm
09:18 Castle
12:56 Lumber Mill
13:07 Farm
13:10 Farm
13:21 Scout Tower
13:24 Scout Tower
13:26 Scout Tower
13:29 Scout Tower
13:36 Scout Tower
14:47 Guard Tower
19:47 Workshop
19:52 Workshop
» items
| Scroll of Regeneration | 1 | |
| Potion of Mana | 1 | |
| Ivory Tower | 1 | |
| Scroll of Healing | 1 | |
4 total
Chat log
(00:37 / Allies) nerd2: look at this
(00:39 / Allies) nerd2: wtf
(00:42 / Allies) nerd2: lol
(00:43 / Allies) peppermintgum: LOL
(00:54 / Allies) nerd2: they must maphack or something
(01:01 / Allies) nerd2: or
(01:02 / Allies) nerd2: wtf
(01:04 / Allies) nerd2: m,aybe moob
(01:05 / Allies) nerd2: noob
(01:26 / Allies) nerd2: keep feeding tommy nad making wood wisps
(01:32 / Allies) nerd2: thats me
(01:35 / Allies) nerd2: u need to feed apeman
(02:04 / Allies) apemanapeman: wooooooooooooood
(02:23 / Allies) peppermintgum: hero harass inc
(02:28 / Allies) nerd2: kill kotg
(03:08 / Allies) apemanapeman: gold
(03:47 / Allies) nerd2: nm
(03:47 / Allies) nerd2: nm
(04:18 / Allies) apemanapeman: GOLD
(04:40 / Allies) peppermintgum: ^^
(04:47 / Allies) nerd2: kill his worker
(04:54 / Allies) nerd2: tech everyoen asap
(04:59 / Allies) nerd2: lure tomommy
(06:05 / Allies) nerd2: michael make a few wells by wall
(06:11 / Allies) nerd2: and expo right
(06:25 / Allies) nerd2: tp
(06:27 / Allies) nerd2: iots worth it
(07:04 / Allies) nerd2: masonry
(07:20 / Allies) apemanapeman: i cant afford
(07:39 / Allies) apemanapeman: wooood
(08:21 / Allies) apemanapeman: goddam wood
(08:22 / Allies) nerd2: micahel maek more wells
(08:30 / Allies) apemanapeman: tehres the traitor your majesty
(08:41 / Allies) apemanapeman: not til youve given me all the wood in hyrule
(08:43 / Allies) nerd2: fill that with wisps
(09:04 / Allies) nerd2: michael heal up so u can staff to me
(09:05 / Allies) apemanapeman: WOOOOOOOOOOOOOOOOD
(09:06 / Allies) nerd2: and we do their orange
(09:14 / Allies) peppermintgum: i have no staff
(09:23 / Allies) nerd2: tommy do you avhe a hero
(10:41 / Allies) nerd2: tech up to castle
(11:29 / Allies) apemanapeman: gold
(11:42 / Allies) nerd2: stop massing peons
(12:15 / Allies) nerd2: michael upgrade ur wells
(12:19 / Allies) nerd2: tommy we need mrots from u
(13:21 / Allies) apemanapeman: wood
(13:27 / Allies) nerd2: more wells michael
(13:35 / Allies) nerd2: tommy gety masonry again
(13:42 / Allies) nerd2: michael
(13:44 / Allies) nerd2: leave your dotts idle
(14:00 / Allies) apemanapeman: someoen make critters
(14:02 / Allies) apemanapeman: wtf is this
(14:14 / Allies) apemanapeman: fuck wood
(14:23 / Allies) apemanapeman: theres the traitor your majesty
(14:25 / Allies) apemanapeman: take him away
(14:36 / Allies) apemanapeman: alex u never share control
(14:40 / Allies) apemanapeman: u afraid ill control ur stuff
(14:42 / Allies) apemanapeman: i dont even want to
(14:44 / Allies) apemanapeman: but u walk into blizzard
(15:08 / Allies) peppermintgum: 3 boots
(15:45 / Allies) apemanapeman: they can see u
(15:48 / Allies) apemanapeman: they are only pretending not ot
(15:50 / Allies) apemanapeman: to get u good
(15:50 / Allies) apemanapeman: see
(16:06 / Allies) peppermintgum: lol
(16:15 / Allies) apemanapeman: they flared
(16:17 / Allies) apemanapeman: u get juked
(16:30 / Allies) peppermintgum: tp
(16:33 / Allies) nerd2: no
(16:35 / Allies) peppermintgum: nvm
(16:49 / Allies) nerd2: lol
(18:24 / Allies) nerd2: gold
(18:44 / Allies) nerd2: k thats ll do
(19:34 / Allies) apemanapeman: fucjking pig
(19:36 / Allies) apemanapeman: wants ot be a warrior
(19:38 / Allies) apemanapeman: geto ut of here pig
(19:48 / Allies) apemanapeman: left side
(20:05 / Allies) peppermintgum: suicide
(20:29 / Allies) apemanapeman: wtf
(20:35 / Allies) apemanapeman: dont order my mort priest and sorc around
(21:14 / Allies) nerd2: gold me 2k each
(21:16 / Allies) nerd2: im gonna break
(21:31 / All) apemanapeman: BAWWWW
(21:33 / All) peppermintgum: can i join ur shitnoob clan?
(21:35 / All) n1.WhO: how many games u guys get in... in 1 night
(21:36 / All) n1.WhO: 2?
(21:44 / All) nerd2: how many wins you guys get in 1 night?
(21:54 / All) n1.WhO: get 5 wins by the time u play 1 game
(22:00 / Allies) apemanapeman: i was about to hit enter on "how many losses do you guys get per night"
(22:06 / All) apemanapeman: and 20 losses
(22:13 / All) n1.WhO: notreally
(22:19 / All) apemanapeman: more like 10 right?
(22:20 / All) apemanapeman: LOL
(22:27 / All) n1.WhO: 1v1 me u fuckin douche
(22:33 / All) nerd2: pull the plug first
(22:35 / All) nerd2: so we can end this
(22:36 / All) apemanapeman: we're vs each other right now
(22:38 / All) apemanapeman: win right now
(22:41 / All) n1.WhO: 1v1 i said
(22:42 / All) n1.WhO: read plz
(22:46 / All) peppermintgum: lol
(22:51 / All) n1.WhO: dumb fuck
(22:52 / All) nerd2: hero fight in middle?
(22:59 / Allies) nerd2: ge ready
(23:00 / Allies) nerd2: for the big push
(23:39 / All) nerd2: SUICIDE SLIDE
(23:46 / Allies) peppermintgum: fuck
(23:47 / All) nerd2: getting cold feet?
(23:49 / All) nerd2: LOL